 Dungeon Crawl Stone Soup version 0.28.0-43-g3370ac3207 (webtiles) character file.

Game seed: 10275499653255696985

14 Borgoz the Skirmisher (level 2, -1/28 HPs)
             Began as a Gargoyle Berserker on Mar 1, 2022.
             Was a Follower of Trog.
             Slain by a kobold
             ... wielding a +0 short sword
              (2 damage)
             ... on level 1 of the Dungeon.
             The game lasted 00:00:41 (565 turns).

Borgoz the Skirmisher (Gargoyle Berserker)           Turns: 565, Time: 00:00:42

Health: -1/28      AC:  5    Str: 20    XL:     2   Next: 45%
Magic:  2/2        EV: 12    Int:  7    God:    Trog [*.....]
Gold:   35         SH:  0    Dex:  9    Spells: 1/1 levels left

rFire   . . .      SeeInvis .   a - +0 mace
rCold   . . .      Faith    .   (no shield)
rNeg    + . .      Spirit   .   b - +0 animal skin
rPois   ∞          Reflect  .   (no helmet)
rElec   +          Harm     .   (no cloak)
rCorr   .          Rampage  .   (no gloves)
Will    .....                   (no boots)
Stlth   ..........              (no amulet)
HPRegen 0.09/turn               (no ring)
MPRegen 0.08/turn               (no ring)

@: berserking, very quick
A: sickness immunity, AC +2, negative energy resistance 1, electricity
resistance, torment resistance 1, petrification resistance
a: Renounce Religion, Berserk


You were on level 1 of the Dungeon.
You worshipped Trog.
Trog was aware of your devotion.
You visited 1 branch of the dungeon, and saw 1 of its levels.

You collected 35 gold pieces.

Inventory:

Hand Weapons
 a - a +0 mace (weapon)
Armour
 b - a +0 animal skin (worn)
Scrolls
 d - a scroll of teleportation {unknown}
Potions
 c - a potion of cancellation {unknown}


   Skills:
 + Level 3.5 Fighting
 + Level 3.3 Maces & Flails
 + Level 2.3 Armour
 + Level 1.7 Dodging


You had one spell level left.
You didn't know any spells.
Your spell library was empty.

Dungeon Overview and Level Annotations

Branches:
Dungeon (1/15)

Altars:


Innate Abilities, Weirdness & Mutations

You are immune to sickness and miasma.
Your stone body is resilient. (AC +2)
You are immune to poison.
You resist negative energy. (rN+)
You are resistant to electric shocks. (rElec)
You are resistant to unholy torment.
You are immune to petrification.


Message History

You sock the quokka!
You kill the quokka!
Trog accepts your kill.
No target in view!
No target in view!
No target in view!
d - a scroll labelled KIMOANEIWN
Found an escape hatch in the floor.
Found a stone staircase leading down.
No target in view!
No target in view!
A kobold comes into view. It is wielding a +0 short sword.
The kobold shouts!
You hear a shout!
A kobold comes into view. It is wielding a +0 dagger.
There are monsters nearby!
The kobold barely misses you.
You hit the kobold.
You kill the kobold!
Trog accepts your kill.
The kobold hits you with a +0 short sword. x2
You are too injured to fight recklessly!
You are too injured to fight recklessly!
You are too injured to fight recklessly!
You are too injured to fight recklessly!
You are too injured to fight recklessly!
You are too injured to fight recklessly!
You miss the kobold.
The kobold hits you with a +0 short sword.
You miss the kobold.
The kobold hits you with a +0 short sword.
* * * LOW HITPOINT WARNING * * *
A red film seems to cover your vision as you go berserk!
You feel yourself moving faster!
You feel mighty! The kobold barely misses you.
You barely miss the kobold. The kobold hits you but does no damage.
You closely miss the kobold. Your punch misses the kobold.
The kobold hits you with a +0 short sword.
* * * LOW HITPOINT WARNING * * *
You barely miss the kobold.
The kobold hits you with a +0 short sword.
You die...

. .....#)..#.....
.##..#..#.#..#..#
....###..#..###..
#.# #......## ..
#.# #.###### ..
##.###.# ###
#..#...#
#.#...#....###
......)@..>#
#....>K.........
#...........####
#...........#
##.........##
##...#...##
#########


You could see a kobold.

Vanquished Creatures
  A ball python (D:1)
  4 bats (D:1)
  2 goblins (D:1)
  A hobgoblin (D:1)
  A quokka (D:1)
  A frilled lizard (D:1)
  2 kobolds (D:1)
  A rat (D:1)
13 creatures vanquished.

Notes
Turn   | Place    | Note
-------+----------+-------------------------------------------
     0 | D:1      | Borgoz the Gargoyle Berserker began the quest for the Orb.
     0 | D:1      | Reached XP level 1. HP: 14/14 MP: 1/1
   190 | D:1      | Reached XP level 2. HP: 17/19 MP: 2/2
   249 | D:1      | Found a faded altar of an unknown god.
   564 | D:1      | HP: 1/28 [kobold/+0 short sword (5)]
   565 | D:1      | Slain by a kobold

Illustrated notes

Levels and vault maps discovered:
D:1:      scummos_arrival_star, layout_rooms, hellmonk_ecumenical_altar_zigzags

Action                   || total
-------------------------++-------
Melee: Mace              ||    37
Invok: Berserk           ||     1
Armor: Animal skin       ||    15
Dodge: Dodged            ||    22
